Unix xNetHack Version 8.0.0 - last build Jun 13 2023 11:06:09 (4b7ecc64c373f7294607d497be3f7ce1783331ac). Game began 2023-06-22 16:20:10, ended 2023-06-22 22:06:38. Moult, neutral male gnomish Healer ------------------------ |......................| |..-------------------.| ----.| ----- |.| |..|.-- --...| |.| |....[|--|..%.| |.| |...).|..|....| |.| --....|.....0-- |.| |.......|...| ------|.| |....|..|...| --|.*r..|.| |....---|...| |.+*.c.%|.| |.......|.~-- |-|.0$:d|d| ----.0..|~-- |.-d..qq@f| ---.--.| |-|.fB[:|-- |.....| |?-..$.f| |>%|..| --|$B$$.| ------- ------- Moult the Embalmer St:11 Dx:11 Co:17 In:13 Wi:16 Ch:13 Neutral S:4922 Dlvl:3 $:455 HP:0(44) Pw:53(57) AC:-2 Xp:7/1123 T:5284 Latest messages: t - a cockatrice corpse {30}. The dingo misses! The yeti misses! The yeti hits! Your pair of leather gloves blocks the yeti's attack. What do you want to wield? [- ahuCEIKMP or ?*] t t - a cockatrice corpse (wielded) {30}. The dingo bites! The yeti punches you! The yeti punches you! The yeti bites! You begin bashing monsters with your cockatrice corpse. You hit the yeti with the cockatrice corpse. The yeti is slowing down. The yeti turns to stone. You miss the leocrotta. The dingo bites! The leocrotta misses! The leocrotta misses! Your leather light armor blocks the leocrotta's attack. The iguana bites! You hit the leocrotta with the cockatrice corpse. The leocrotta is slowing down. The leocrotta turns to stone. The dingo bites! You hit the dingo with the cockatrice corpse. The dingo is slowing down. The dingo turns to stone. You hit the jackal with the cockatrice corpse. The jackal is slowing down. The jackal turns to stone. You hit the lynx with the cockatrice corpse. The lynx is slowing down. The lynx turns to stone. You miss the snake. The snake just misses! You hit the snake with the cockatrice corpse. The snake is slowing down. The snake turns to stone. You miss the leocrotta. The leocrotta claws you! The leocrotta bites! The leocrotta claws you! The iguana misses! The wolf bites! The leocrotta claws you! The leocrotta bites! You die... Do you want your possessions identified? y Do you want to see your attributes? q Inventory: Inventory: 723/750 weight (47/52 slots) Coins $ - 455 gold pieces {5} Amulets r - an uncursed silver amulet of ESP {25} Weapons I - a +0 sling {3} E - 8 +0 darts {8} u - 4 cursed -1 darts (at the ready) {4} M - a +0 dagger {10} P - a +0 elven dagger {10} C - a +0 knife {5} K - 4 +0 orcish daggers {40} a - a +0 scalpel {5} h - a +0 silver scimitar named !c {45} Armor J - an uncursed +0 elven helm {3} k - an uncursed +0 orcish helm {30} o - an uncursed +0 orcish helm (being worn) {23} e - a cursed -1 orcish helm {30} b - a blessed +1 pair of leather gloves (being worn) {8} A - an uncursed +0 pair of speed boots (being worn) {15} l - an uncursed +0 orcish shield (being worn) {38} L - an uncursed +0 dwarvish cloak (being worn) {8} n - an uncursed +0 leather light armor (being worn) {113} Comestibles j - 4 uncursed apples {8} i - 2 uncursed food rations {40} G - an uncursed fortune cookie {1} O - an uncursed lembas wafer {5} t - an uncursed cockatrice corpse (wielded) {30} Scrolls g - a blessed scroll of create monster {5} Potions S - an uncursed potion of booze {20} m - an uncursed potion of extra healing {20} D - a cursed potion of healing {20} V - a blessed potion of invisibility {20} y - an uncursed potion of oil {20} R - an uncursed potion of speed {20} Y - an uncursed potion of water {20} Rings v - an uncursed ring of cold resistance {3} H - an uncursed -2 ring of gain strength {3} W - an uncursed ring of levitation {3} T - an uncursed ring of regeneration {3} U - an uncursed ring of slow digestion {3} Wands d - a wand of digging named 1 (0:4) {7} X - a wand of enlightenment (0:13) {7} f - a wand of sleep (0:4) {7} N - a wand of sleep (0:4) {7} Q - a wand of striking named 1 (0:7) {7} Tools c - an uncursed lock pick {4} q - a magic marker (0:30) {2} w - an uncursed pea whistle {3} p - an uncursed skeleton key {3} s - an uncursed stethoscope named 1004 5p tp cold {4} Moult the Healer's attributes: Background: You were an Embalmer, a level 7 male gnomish Healer. You were neutral, on a mission for Hermes who was opposed by Athena (lawful) and Poseidon (chaotic). You were heterosexual. You were in Sokoban, on level 3. You entered the dungeon 5284 turns ago. It was nighttime. You had 1123 experience points, 157 more were needed to attain level 8. Your score was 4922 before end-of-game adjustments. Basics: You had 0 out of 44 hit points. You had 53 out of 57 energy points (spell power). Your armor class was -2. Your wallet contained 455 zorkmids. Autopickup was on for '_' plus thrown, with exceptions. Final Characteristics: Your strength was 11 (limit:18/50). Your dexterity was 11 (limit:18). Your constitution was 17 (limit:18). Your intelligence was 13 (limit:19). Your wisdom was 16 (limit:18). Your charisma was 13 (limit:18). Final Status: You were not hungry. You were unencumbered. You were wielding a corpse. Final Attributes: You were piously aligned. You were cold resistant. You were poison resistant. You were telepathic. You had infravision. You had a small defense bonus (+5). You were warded. You were very fast. You are dead. Miscellaneous: You never encountered a bones level. Total elapsed playing time was 1 hour, 16 minutes and 40 seconds. Major events: Turn 1: Moult the neutral male gnomish Healer entered the dungeon 1460: entered the Gnomish Mines 1756: attained the rank of Empiric (level 3) 2501: attained the rank of Embalmer (level 6) 2614: entered Sokoban 2963: completed 1st Sokoban level 3426: completed 2nd Sokoban level 3904: completed 3rd Sokoban level 4975: completed 4th Sokoban level 5284: killed by a leocrotta Vanquished creatures: a giant mimic an orc-captain a small mimic a leocrotta a python a leather golem a cockatrice a wolf a winter wolf cub a lynx 2 leprechauns a giant spider 2 yetis a dingo a Woodland-elf 2 snakes an imp 2 fog clouds a gray ooze 2 giant ants a floating eye 5 hill orcs 4 rothes a giant bat a monkey 2 orc zombies 2 wererats an iguana 4 killer bees 3 hobbits a hobgoblin a giant rat a yellow mold a red mold 2 gnomes 4 garter snakes 7 jackals 3 kobolds 5 goblins 2 sewer rats a grid bug a bat 4 lichens 2 kobold zombies 5 newts 89 creatures vanquished. No species were genocided or became extinct. Voluntary challenges: You read items or engraved 33 times. You never genocided any monsters. You never polymorphed an object. You never changed form. You never touched an artifact. You used no wishes. You were celibate. You never generated conflict. You did not violate any of the special Sokoban rules. Achievements: You entered a shop. You entered the Gnomish Mines. You entered a temple. You attained the rank of Empiric. You attained the rank of Embalmer. You entered Sokoban. Dungeon overview: The Dungeons of Doom: levels 1 to 8 Level 1: Level 2: "stash in chest top left" A fountain. Level 3: A general store, a grave. Level 4: An altar to Hermes, a fountain, a sink. Stairs down to The Gnomish Mines. Level 5: Level 6: Many fountains. Oracle of Delphi. Level 7: Stairs up to Sokoban, level 6. Level 8: The Gnomish Mines: levels 5 to 9 Level 5: Level 6: Level 7: Level 8: Some shops, a temple to Hermes, some fountains. Level 9: Sokoban: levels 6 up to 3 Level 3: <- You were here. Solved. Final resting place for you, killed by a leocrotta. Level 4: Solved. Level 5: "stash" Solved. Level 6: Solved. Game over: __________ / \ / REST \ / IN \ / PEACE \ / \ | Moult | | 455 Au | | killed by a | | leocrotta | | | | | | 2023 | *| * * * | * _________)/\\_//(\/(/\)/\//\/|_)_______ Goodbye Moult the Healer... You died in Sokoban on dungeon level 3 with 4922 points, and 455 pieces of gold, after 5284 moves. You were level 7 with a maximum of 44 hit points when you died.